 Dungeon Crawl Stone Soup version 0.30-a0-737-gf23d94013f (webtiles) character file.

Game seed: 2272505467463867890

112 freelancePsychic the Sneak (level 4, -3/39 HPs)
             Began as an Armataur Hunter on Feb 2, 2023.
             Slain by an iguana (11 damage)
             ... on level 4 of the Dungeon.
             The game lasted 00:03:20 (2562 turns).

freelancePsychic the Sneak (Armataur Hunter)        Turns: 2562, Time: 00:03:21

Health: -3/39      AC:  5    Str: 18    XL:     4   Next: 64%
Magic:  4/4        EV:  9    Int:  9    God:
Gold:   117        SH:  0    Dex: 14    Spells: 3/3 levels left

rFire   . . .      SeeInvis .    b - +3 rapier
rCold   . . .      Faith    .    (no shield)
rNeg    . . .      Spirit   .    c - +1 leather armour
rPois   .          Reflect  .    (no helmet)
rElec   .          Harm     .    (no cloak)
rCorr   .          Roll     +    (no gloves)
Will    .....                    (no barding)
Stlth   ++                       (no amulet)
HPRegen 0.26/turn                (no ring)
MPRegen 0.09/turn                (no ring)

@: no status effects
A: large, rugged brown scales 3, deformed body, armoured tail, roll, long
tongue, awkward tongue
a: no special abilities


You were on level 4 of the Dungeon.
You visited 1 branch of the dungeon, and saw 4 of its levels.

You collected 117 gold pieces.

Inventory:

Hand Weapons
 a - a +0 shortbow
 b - a +3 rapier (weapon)
Armour
 c - a +1 leather armour (worn)
Jewellery
 n - a ring of wizardry
Scrolls
 e - 2 scrolls of enchant weapon
 j - 2 scrolls of teleportation {@r4}
 l - a scroll of fear
 p - 2 scrolls of identify {@r1}
 r - a scroll of poison {unknown}
 s - a scroll of amnesia {unknown}
 u - a scroll of immolation
Potions
 d - a potion of magic {unknown}
 g - a potion of heal wounds {unknown}
 h - a potion of flight {unknown}
 i - a potion of haste {unknown}
 k - a potion of attraction {unknown}
 m - a potion of curing {unknown}
 o - 2 potions of lignification {unknown}
 t - a potion of degeneration {unknown}


   Skills:
 + Level 2.9 Fighting
 * Level 0.0 Short Blades
 - Level 2.9 Ranged Weapons
 - Level 1.3 Dodging
 * Level 4.5 Stealth


You had 3 spell levels left.
You didn't know any spells.
Your spell library contained the following spells:

 Spells                   Type           Power      Damage    Failure   Level
 Summon Small Mammal      Summ           0%         N/A       43%         1
 Call Canine Familiar     Summ           0%         N/A       82%         3
 Summon Guardian Golem    Hex/Summ       0%         N/A       82%         3
 Summon Lightning Spire   Summ/Air       0%         N/A       99%         4
 Storm Form               Tmut/Air       0%         N/A       100%        7
 Maxwell's Capacitive Co  Air            0%         ∞         100%        8


Dungeon Overview and Level Annotations

Branches:
Dungeon (4/15)
 Temple: D:4-7

Altars:


Innate Abilities, Weirdness & Mutations

You are completely covered in rugged brown scales. (AC +3, +7% HP)
Armour fits poorly on your strangely shaped body.
You have a long armoured tail.
You roll when moving toward enemies. (Rampage)
Your long tongue fully drains potion bottles. (2x potion effects)
Your tongue gives you trouble enunciating. (1.5x scroll delay)


Message History

An iguana is nearby!
You shoot an arrow. The arrow hits the iguana.
The iguana is lightly wounded.
A giant cockroach comes into view.
You shoot an arrow.
The arrow barely misses the giant cockroach.
The giant cockroach bites you but does no damage. x2
You shoot an arrow. The arrow hits the giant cockroach.
You kill the giant cockroach!
You shoot an arrow. The arrow barely misses the iguana.
You shoot an arrow. The arrow hits the iguana.
The iguana is moderately wounded.
The iguana bites you!
b - a +3 rapier (weapon)
You are too injured to fight recklessly!
You are too injured to fight recklessly!
You hit the iguana.
The iguana is severely wounded.
The iguana bites you.
You hit the iguana.
The iguana is almost dead.
The iguana bites you but does no damage. x2
You barely miss the iguana.
The iguana is almost dead.
The iguana bites you!
You completely miss the iguana.
The iguana is almost dead.
The iguana bites you.
* * * LOW HITPOINT WARNING * * *
You closely miss the iguana.
The iguana is almost dead.
The iguana barely misses you.
You barely miss the iguana.
The iguana is almost dead.
The iguana bites you.
* * * LOW HITPOINT WARNING * * *
You hit the iguana but do no damage.
The iguana is almost dead.
The iguana bites you!
You die...

..... .l... ..... ....
#..# ##... #..#
#.####### #....l@.#
##.#####.# #..#...#...
##..#.#.###############
#...#........#........#
#.#.#...####.#.######.#
#.#.#.######........#.#
#.#..............##.#.#
#.###..########..##.#.#


You could see an iguana.

Vanquished Creatures
  A gnoll (D:1)
  2 adders
  A shadow imp (D:3)
  A worm (D:3)
  5 dart slugs
  5 ball pythons
  3 endoplasms
  6 giant cockroaches
  5 goblins
  6 hobgoblins
  9 jackals
  4 kobolds
  3 quokkas
  4 bats
  3 frilled lizards
  A rat (D:2)
59 creatures vanquished.

Notes
Turn   | Place    | Note
-------+----------+-------------------------------------------
     0 | D:1      | freelancePsychic the Armataur Hunter began the quest for
                  | the Orb.
     0 | D:1      | Reached XP level 1. HP: 18/18 MP: 1/1
    89 | D:1      | Reached skill level 2 in Stealth
    89 | D:1      | Reached XP level 2. HP: 25/25 MP: 2/2
   288 | D:1      | Reached skill level 3 in Stealth
   374 | D:1      | Reached XP level 3. HP: 31/31 MP: 3/3
   794 | D:2      | Found a faded altar of an unknown god.
  1181 | D:2      | Reached XP level 4. HP: 39/39 MP: 4/4
  1415 | D:2      | Reached skill level 4 in Stealth
  2562 | D:4      | Slain by an iguana

Illustrated notes

Levels and vault maps discovered:
D:1:      lemuel_arrival_funnel, layout_loops_ring, minmay_misc_feat_plants
D:2:      layout_basic, chequers_ecumenical_altar_simple
D:3:      layout_basic, serial_rivers, chequers_serial_rivers_micro_c,
          chequers_serial_rivers_micro_c, chequers_serial_rivers_micro_c,
          chequers_serial_rivers_large_b
D:4:      layout_basic, mainiacjoe_overflow_brackets, st_stairs_10,
          minmay_misc_feat_ornament, uniq_grinder, uniq_robin

Skill      XL: |  1  2  3  4 |
---------------+-------------+-----
Fighting       | 2 |  2.9
Stealth        | 2 3 4 |  4.5
Ranged Weapons | |  2.9
Dodging        | |  1.3

Action                     |  1- 3 |  4- 6 || total
---------------------------+-------+-------++-------
  Melee: Rapier            |       |     7 ||     7
   Fire: Shortbow          |   112 |    79 ||   191
    Use: Scroll            |       |     4 ||     4
 Armour: Leather armour    |    12 |    18 ||    30
  Dodge: Dodged            |    12 |    20 ||    32

Table legend: (Time is in decaauts)
 A = Elapsed time spent in this place.
 B = Non-inter-level travel time spent in this place.
 C = Inter-level travel time spent in this place.
 D = Time resting spent in this place.
 E = Time spent auto-exploring this place.
 F = Levels seen in this place.
 G = Mean time per level.
                   A        B        C        D        E       F      G
               +--------+--------+--------+--------+--------+-----+--------+
         Total |   2637 |   2493 |    144 |      0 |   2085 |   4 |  659.2 |
       Dungeon |   2637 |   2493 |    144 |      0 |   2085 |   4 |  659.2 |
               +--------+--------+--------+--------+--------+-----+--------+

Top non-repeatable levels by time:
     D:3: 929 daAuts
     D:1: 797 daAuts
     D:2: 751 daAuts
     D:4: 159 daAuts
